 Dungeon Crawl Stone Soup version 0.20.0-10-g0535bb4 (webtiles) character file.

75 doot the Grasshopper (level 4, -1/54 HPs)
             Began as a Centaur Warper on June 5, 2017.
             Succumbed to Robin's poison
             ... on level 2 of the Dungeon.
             The game lasted 00:05:11 (1630 turns).

doot the Grasshopper (Centaur Warper)               Turns: 1630, Time: 00:05:13

Health: -1/54      AC: 22    Str: 19    XL:     4   Next: 11%
Magic:  6/6        EV:  1    Int: 12    God:
Gold:   103        SH:  0    Dex:  9    Spells: 2/6 levels left

rFire    . . .     SeeInvis .   v - +0 hand axe (chop)
rCold    . . .     Gourm    .   (no shield)
rNeg     + + +     Faith    .   (armour currently unavailable)
rPois    +         Spirit   .   (helmet currently unavailable)
rElec    .         Reflect  .   (cloak currently unavailable)
rCorr    .         Harm     .   (gloves currently unavailable)
MR       +....     NoTele   +   (no barding)
Stlth    +.........             (no amulet)
Regen    0.2/turn               q - ring of protection from magic
MPRegen  0.1/turn               (no ring)

@: mighty, lethally poisoned (-1 -> -9), tree-form, berserk cooldown, slowed,
very slow
A: no striking features
a: no special abilities


You were on level 2 of the Dungeon.
You were not hungry.
You were a tree.
You visited 1 branch of the dungeon, and saw 2 of its levels.

You collected 103 gold pieces.

Inventory:

Hand Weapons
 a - a +0 hand axe
 i - a +0 short sword of venom
 v - a +0 hand axe of chopping (weapon)
Missiles
 e - 5 tomahawks of dispersal (quivered)
 k - 48 bolts
Armour
 b - a +0 leather armour
 t - a +0 ring mail (melded)
Jewellery
 q - a ring of protection from magic (left branch)
Scrolls
 d - a scroll of blinking
 g - a scroll of remove curse {unknown}
 j - a scroll of immolation {unknown}
 m - 2 scrolls of identify {unknown}
 o - a scroll of enchant weapon {unknown}
Books
 c - a book of Spatial Translocations

   Spells                             Type                      Level
   a - Blink                          Translocation                2
   b - Shroud of Golubria             Charms/Translocation         2
   c - Lesser Beckoning               Translocation                3
   d - Gell's Gravitas                Translocation                3
   e - Teleport Other                 Translocation                3
   f - Passage of Golubria            Translocation                4
Comestibles
 f - 2 bread rations
 n - 3 fruits
 r - a royal jelly
 u - a chunk of flesh


   Skills:
 + Level 2.2 Fighting
 + Level 1.1 Short Blades
 + Level 2.5 Axes
 + Level 1.2 Throwing
 + Level 0.8 Armour
 + Level 1.7 Dodging
 + Level 1.9 Spellcasting
 + Level 3.0 Translocations


You had 2 spell levels left.
You knew the following spells:

 Your Spells              Type           Power        Failure   Level  Hunger
a - Blink                 Tloc           N/A          12%         2    ###....
b - Shroud of Golubria    Chrm/Tloc      #.........   22%         2    ###....


Dungeon Overview and Level Annotations

Branches:
Dungeon (2/15)

Altars:
Trog


Innate Abilities, Weirdness & Mutations

((You have hooves in place of feet.))
((Armour fits poorly on your strangely shaped body.))
((You cover ground very quickly.))
((You have extremely tough skin. (AC +3)))


Message History

You are too berserk!
Unknown command.
Okay, then.
* * * LOW HITPOINT WARNING * * *
You feel sick.
Things that are here:
a dagger; a goblin corpse You feel a strong urge to attack something.
You are no longer berserk.
You are exhausted.
You feel yourself slow down.
* * * LOW HITPOINT WARNING * * *
You feel sick.
It was a potion of might.
You feel very mighty all of a sudden.
* * * LOW HITPOINT WARNING * * *
You feel sick.
It was a potion of lignification.
You turn into a tree.
Your +0 ring mail melds into your body.
Your roots penetrate the ground.
You die...

..# #†#.#####
##.#### #.......#
#.....# #.#.###.#
####.....# #.###
..##.....# #)#
...†.....# #.#
...).....# #)#
.........# #.#
..##.....##### #♣#
..#####......# #.#
..# #......# #.#
..# #......###.#
..# #......#...##
..# ####.###....#
..########.# #....#
...........#####†##
............## #.#


There were no monsters in sight!

Vanquished Creatures
  Robin (D:2)
  A worm (D:2)
  A dart slug (D:2)
  A leopard gecko (D:2)
  A ball python (D:2)
  A giant cockroach (D:1)
  16 goblins (D:2)
  9 hobgoblins
  9 kobolds
  2 bats
  2 frilled lizards
  7 rats
51 creatures vanquished.

Notes
Turn   | Place    | Note
-------+----------+-------------------------------------------
     0 | D:1      | doot the Centaur Warper began the quest for the Orb.
     0 | D:1      | Reached XP level 1. HP: 17/17 MP: 3/3
   233 | D:1      | Reached XP level 2. HP: 16/24 MP: 4/4
   244 | D:1      | Learned a level 2 spell: Blink
   247 | D:1      | Learned a level 2 spell: Shroud of Golubria
  1003 | D:2      | Reached XP level 3. HP: 24/29 MP: 5/5
  1051 | D:2      | Reached skill level 3 in Translocations
  1423 | D:2      | Noticed a moth of wrath
  1426 | D:2      | Found a bloodstained altar of Trog.
  1594 | D:2      | Noticed Robin
  1609 | D:2      | Reached skill level 1 in Short Blades
  1619 | D:2      | HP: 1/29 [Robin/spear of venom (3)]
  1625 | D:2      | Killed Robin
  1625 | D:2      | Reached XP level 4. HP: 4/36 MP: 6/6
  1629 | D:2      | HP: 1/36 [poisoned by Robin]
  1630 | D:2      | Succumbed to Robin's poison

Skill      XL: |  1  2  3 |
---------------+----------+-----
Axes           | 2 |  2.5
Translocations | 3 |  3.0
Short Blades   | 1 |  1.1
Fighting       | |  2.2
Throwing       | |  1.2
Armour         | |  0.8
Dodging        | |  1.7
Spellcasting   | |  1.9

Action                   |  1- 3 |  4- 6 || total
-------------------------+-------+-------++-------
Melee: Hand axe          |    28 |       ||    28
       Short sword       |    90 |       ||    90
       Kick              |    20 |       ||    20
  Use: Potion            |     2 |     2 ||     4
  Eat: Chunk             |     1 |       ||     1
Armor: Leather armour    |    25 |       ||    25
       Ring mail         |    15 |       ||    15
Dodge: Dodged            |    52 |       ||    52
